[Event "Titled Tuesday Blitz August 02 Early 2022"]
[White "Demchenko, Anton"]
[Black "Ponce Cano, Adrian"]
[WhiteFideId "4160258"]
[BlackFideId "22296913"]
[WhiteElo "2539"]
[BlackElo "2261"]
[Result "1-0"]
[Round "09"]
[TimeControl "180+1"]
[Date "2022.08.02"]
[WhiteClock "0:00:31"]
[BlackClock "0:00:13"]

1. e4 c5 2. Nf3 a6 3. g3 Nc6 4. Bg2 e5 5. O-O d6 6. c3 Nf6 7. d4 cxd4 8. cxd4 Be7 9. d5 Nb8 10. Nc3 O-O 11. h3 b5 12. Be3 Nbd7 13. Ne1 Rb8 14. Nd3 Nb6 15. Nb4 Bb7 16. b3 Rc8 17. Rc1 Nbd7 18. a4 Qa5 19. Nc6 Bxc6 20. dxc6 Rxc6 21. Nd5 Nxd5 22. Rxc6 Nxe3 23. fxe3 bxa4 24. bxa4 Nc5 25. Kh2 g6 26. Qd5 Qd8 27. h4 Kg7 28. Bh3 Qa5 29. Rc8 Bd8 30. Bg2 Be7 31. Rxf8 1-0


[Site "https://www.chess.com"]

[Event "Titled Tuesday Blitz August 02 Early 2022"]
[White "Ezat, Mohamed"]
[Black "Csonka, Balazs"]
[WhiteFideId "10600906"]
[BlackFideId "742910"]
[WhiteElo "2386"]
[BlackElo "2404"]
[Result "0-1"]
[Round "09"]
[TimeControl "180+1"]
[Date "2022.08.02"]
[WhiteClock "0:00:14"]
[BlackClock "0:00:09"]

1. d4 Nf6 2. c4 e6 3. Nc3 d5 4. cxd5 exd5 5. Bg5 c6 6. Qc2 Nbd7 7. e3 Be7 8. Bd3 Nh5 9. Bxe7 Qxe7 10. Nge2 Nb6 11. O-O g6 12. Rae1 O-O 13. Qd2 Re8 14. Nf4 Qg5 15. Nxh5 Qxh5 16. e4 Be6 17. e5 Rad8 18. f4 Bf5 19. h3 Bxd3 20. Qxd3 f5 21. exf6 Qh4 22. f7+ Kxf7 23. Re5 Nc4 24. Qf3 Nxe5 25. fxe5+ Kg8 26. Qf7+ Kh8 27. Ne2 Rf8 28. Qxb7 Rxf1+ 29. Kxf1 Rf8+ 30. Kg1 Qe1+ 31. Kh2 Qxe2 32. Qe7 Qf2 33. e6 Qf4+ 34. Kh1 Qc1+ 35. Kh2 Qf4+ 36. Kh1 Qf6 37. Qd7 Qf1+ 38. Kh2 Qf4+ 39. Kh1 Qxd4 40. e7 Rf1+ 41. Kh2 Qf4+ 42. g3 Qf2# 0-1


[Site "https://www.chess.com"]

[Event "Titled Tuesday Blitz August 02 Early 2022"]
[White "Fedoseev, Vladimir"]
[Black "Gokerkan, Cem Kaan"]
[WhiteFideId "24130737"]
[BlackFideId "6336760"]
[WhiteElo "2726"]
[BlackElo "2364"]
[Result "1-0"]
[Round "09"]
[TimeControl "180+1"]
[Date "2022.08.02"]
[WhiteClock "0:00:29"]
[BlackClock "0:00:03"]

1. e4 c5 2. Nf3 d6 3. d4 cxd4 4. Nxd4 Nf6 5. Nc3 a6 6. Rg1 e5 7. Nb3 h5 8. Bg5 Be6 9. Qd2 Nbd7 10. f4 b5 11. f5 Bc4 12. Bxc4 bxc4 13. Nc1 Qb6 14. N1e2 Qxb2 15. Rb1 Qa3 16. Nd5 Rc8 17. Nec3 Nxd5 18. Nxd5 Nc5 19. Qe2 Qxa2 20. Kf2 f6 21. Be3 Nxe4+ 22. Kf3 Ng5+ 23. Bxg5 fxg5 24. Qe4 Be7 25. Rb7 Bd8 26. f6 O-O 27. Rxg7+ 1-0


[Site "https://www.chess.com"]

[Event "Titled Tuesday Blitz August 02 Early 2022"]
[White "Freitag, Manfred"]
[Black "Vivekananthan, Anish"]
[WhiteFideId "1602004"]
[BlackFideId "2090775"]
[WhiteElo "2292"]
[BlackElo "2727"]
[Result "0-1"]
[Round "09"]
[TimeControl "180+1"]
[Date "2022.08.02"]
[WhiteClock "0:02:01"]
[BlackClock "0:01:20"]

1. e4 c6 2. d4 d5 3. e5 Bf5 4. h4 h5 5. Bg5 Qa5+ 6. c3 e6 7. Bd3 Bxd3 8. Qxd3 Ne7 9. Ne2 Qb5 10. Qc2 Nf5 11. a4 Qa6 12. Nd2 c5 13. Nf3 Nc6 14. dxc5 Qc4 15. b4 Nxb4 16. Qd2 Nd3+ 17. Kf1 Nxc5 18. Kg1 Ne4 19. Qc2 Bc5 20. Rf1 Rc8 21. Bc1 Neg3 22. Nxg3 Nxg3 23. Kh2 Nxf1+ 24. Rxf1 Qxf1 0-1


[Site "https://www.chess.com"]

[Event "Titled Tuesday Blitz August 02 Early 2022"]
[White "Gareyev, Timur"]
[Black "Szpar, Milosz"]
[WhiteFideId "14200937"]
[BlackFideId "1184989"]
[WhiteElo "2559"]
[BlackElo "2422"]
[Result "0-1"]
[Round "09"]
[TimeControl "180+1"]
[Date "2022.08.02"]
[WhiteClock "0:00:02"]
[BlackClock "0:00:03"]

1. d4 Nf6 2. c4 c5 3. d5 e6 4. Nc3 exd5 5. cxd5 d6 6. e4 g6 7. f4 Bg7 8. Bb5+ Nfd7 9. Bd3 Qh4+ 10. g3 Qe7 11. Nf3 O-O 12. O-O Na6 13. Re1 Re8 14. Bf1 Qf8 15. h3 Nc7 16. a4 Na6 17. Be3 Nb4 18. Bf2 f5 19. Ng5 Nf6 20. e5 dxe5 21. fxe5 Bh6 22. Nf3 Ne4 23. Nxe4 fxe4 24. Rxe4 Bf5 25. Rc4 b6 26. g4 Bc2 27. Rxc2 Nxc2 28. Qxc2 Qxf3 29. Bg2 Qf8 30. e6 Bf4 31. Re1 Qd6 32. Re4 Rad8 33. Qc4 Bh2+ 34. Kh1 Be5 35. b4 Qxd5 36. Qxd5 Rxd5 37. Re1 Rd2 38. Be3 Rc2 39. bxc5 bxc5 40. Bg5 Bc3 41. Rf1 Re2 42. Bd5 R2xe6 43. Rf3 Bd4 44. Bh6 Bg7 45. g5 Kh8 46. Bxe6 Rxe6 47. Rf7 Bxh6 48. gxh6 Kg8 49. Rg7+ Kh8 50. Rc7 Re8 51. Kg2 Kg8 52. Kf3 Re5 53. Rg7+ Kf8 54. Rxh7 Rh5 55. Kg4 a5 56. h4 c4 57. Rc7 Rxh6 0-1


[Site "https://www.chess.com"]

[Event "Titled Tuesday Blitz August 02 Early 2022"]
[White "Harsha Bharathakoti"]
[Black "Harshavardhan G B"]
[WhiteFideId "5078776"]
[BlackFideId "25059009"]
[WhiteElo "2575"]
[BlackElo "1831"]
[Result "1-0"]
[Round "09"]
[TimeControl "180+1"]
[Date "2022.08.02"]
[WhiteClock "0:00:53"]
[BlackClock "0:00:51"]

1. c4 Nf6 2. Nc3 e5 3. Nf3 e4 4. Ng5 b5 5. d3 exd3 6. cxb5 dxe2 7. Bxe2 Bb7 8. Bf3 d5 9. O-O Be7 10. Qb3 Nbd7 11. Nxd5 Bxd5 12. Bxd5 Nxd5 13. Qxd5 O-O 14. Re1 h6 15. Nf3 Bf6 16. Rb1 Ne5 17. Qxd8 Nxf3+ 18. gxf3 Rfxd8 19. Bf4 Rd5 20. a4 a6 21. Bxc7 axb5 22. a5 b4 23. Re4 Bd8 24. Re8+ Kh7 25. Rxd8 Rdxd8 26. Bxd8 Rxd8 27. Kf1 Kg6 28. Ke2 Kf5 29. Ra1 Ke5 30. a6 Ra8 31. Kd3 Kf4 32. Kc4 Kxf3 33. Kxb4 Kxf2 34. Ka5 g5 35. b4 g4 36. b5 f5 37. b6 f4 38. b7 Rf8 39. a7 Kg2 40. b8=Q Rxb8 41. axb8=Q Kxh2 42. Qxf4+ g3 43. Ra2+ Kh3 44. Qxh6+ Kg4 45. Ra4+ Kf3 46. Qf4+ Kg2 47. Ra3 Kh3 48. Qxg3# 1-0


[Site "https://www.chess.com"]

[Event "Titled Tuesday Blitz August 02 Early 2022"]
[White "Izoria, Zviad"]
[Black "Shimanov, Aleksandr"]
[WhiteFideId "13601733"]
[BlackFideId "4198603"]
[WhiteElo "2626"]
[BlackElo "2605"]
[Result "1-0"]
[Round "09"]
[TimeControl "180+1"]
[Date "2022.08.02"]
[WhiteClock "0:00:07"]
[BlackClock "0:00:04"]

1. Nf3 d5 2. d4 Nf6 3. c4 e6 4. Nc3 Nbd7 5. cxd5 exd5 6. Bg5 c6 7. e3 h6 8. Bh4 Be7 9. Qc2 O-O 10. Bd3 Re8 11. Nd2 b5 12. O-O Bb7 13. Nb3 a5 14. a4 b4 15. Ne2 Rc8 16. Rac1 Qb6 17. Bf5 Rcd8 18. Bxd7 Rxd7 19. Nc5 Rc7 20. Bxf6 Bxf6 21. Nxb7 Qxb7 22. Nf4 Rcc8 23. b3 Be7 24. Qf5 Bd6 25. Rc2 Rc7 26. Rfc1 Rec8 27. g3 Bf8 28. Nd3 Bd6 29. Nc5 Bxc5 30. Rxc5 Qa6 31. Qc2 h5 32. h4 g6 33. Qd1 Qb6 34. Qd3 Re8 35. Kg2 Rec8 36. Qc2 Qa6 37. e4 dxe4 38. Qxe4 Qb7 39. R1c4 Re7 40. Qf3 Rce8 41. Rxc6 Qd7 42. d5 Re5 43. d6 Qe6 44. R4c5 Rxc5 45. Rxc5 Qxd6 46. Rxa5 Re1 47. Rd5 Qe6 48. Rd1 Re2 49. Rd3 Ra2 50. Re3 Qd7 51. Qe4 Qd6 52. Rf3 Kg7 53. Qc4 Qe7 54. Qd4+ Kh7 55. Qf6 Qxf6 56. Rxf6 Kg7 57. Rb6 Ra3 58. Rxb4 Kf6 59. Kf3 Ke5 60. Ke3 Kf5 61. Kd3 f6 62. Kc3 Ra2 63. Rf4+ Ke5 64. Kb4 g5 65. hxg5 fxg5 66. Rf8 Ra1 67. a5 h4 68. gxh4 gxh4 69. Rh8 Rh1 70. a6 Ra1 71. Kb5 Rh1 72. a7 Rb1 73. a8=Q 1-0


[Site "https://www.chess.com"]

[Event "Titled Tuesday Blitz August 02 Early 2022"]
[White "Jakubowski, Krzysztof"]
[Black "Abdrlauf, Elham"]
[WhiteFideId "1112848"]
[BlackFideId "1533533"]
[WhiteElo "2365"]
[BlackElo "2429"]
[Result "0-1"]
[Round "09"]
[TimeControl "180+1"]
[Date "2022.08.02"]
[WhiteClock "0:00:17"]
[BlackClock "0:00:03"]

1. e4 c6 2. Nf3 d5 3. d3 g6 4. Nbd2 Bg7 5. g3 e5 6. Bg2 Ne7 7. O-O O-O 8. a4 a5 9. Re1 d4 10. Nc4 b5 11. Ncxe5 f6 12. Nxc6 Nbxc6 13. axb5 Ne5 14. Nxe5 fxe5 15. c4 dxc3 16. Qb3+ Kh8 17. bxc3 Qxd3 18. Ba3 Qd7 19. c4 Qe6 20. Red1 Qf7 21. Ra2 Be6 22. Bf1 Rfc8 23. Rc2 Ng8 24. Bd6 Nf6 25. Bxe5 Nxe4 26. Bxg7+ Qxg7 27. Qe3 Nc5 28. Bg2 Rab8 29. h4 a4 30. Bc6 Bf5 31. Rcd2 Nb3 32. Rd6 Rf8 33. b6 Bc2 34. Re1 a3 35. Rd7 Qf6 36. Qh6 Qxf2+ 37. Kh1 Qxe1+ 38. Kh2 Qf2+ 39. Kh1 Rf7 40. Rxf7 Qxf7 41. c5 a2 0-1


[Site "https://www.chess.com"]

[Event "Titled Tuesday Blitz August 02 Early 2022"]
[White "Janaszak, Dawid"]
[Black "Tanenbaum, Zachary"]
[WhiteFideId "1119206"]
[BlackFideId "2060850"]
[WhiteElo "2199"]
[BlackElo "2175"]
[Result "1-0"]
[Round "09"]
[TimeControl "180+1"]
[Date "2022.08.02"]
[WhiteClock "0:00:32"]
[BlackClock "0:00:05"]

1. d4 d5 2. Bf4 Nf6 3. Nf3 c5 4. e3 Nc6 5. Nbd2 cxd4 6. exd4 Qb6 7. Nb3 Bg4 8. c3 a5 9. a4 Bxf3 10. gxf3 e6 11. Bb5 Qd8 12. Nc1 Bd6 13. Bg3 O-O 14. Bd3 Nh5 15. Qc2 g6 16. Ne2 Rc8 17. Qd2 Qc7 18. Qh6 e5 19. Rg1 Kh8 20. Bh4 Be7 21. Bg3 Bf6 22. dxe5 Nxe5 23. O-O-O Nxd3+ 24. Rxd3 Qe7 25. Qd2 Rfe8 26. Nd4 Qd7 27. Nb5 d4 28. Kb1 dxc3 29. Rxd7 cxd2 30. Rxd2 Rcd8 31. Nd6 Re7 32. Rgd1 Nxg3 33. hxg3 Rf8 34. Ne4 Bg7 35. Rd7 Rxd7 36. Rxd7 b6 37. Rb7 Bd4 38. Kc2 h6 39. Kd3 Bxb2 40. Rxb6 Ba3 41. Rb5 Bb4 42. g4 Kg7 43. Rb7 Rd8+ 44. Ke2 Re8 45. Kf1 Re7 46. Rb5 Rd7 47. f4 Rd4 48. f3 Rd3 49. Ke2 Ra3 50. f5 gxf5 51. gxf5 Rxa4 52. f6+ Kg6 53. Rb8 Ra2+ 54. Ke3 Ra3+ 55. Kf4 Kh7 56. Rb7 Kg6 57. Rb8 Ra4 58. Rg8+ Kh5 59. Rg7 Bd2+ 60. Kf5 Bg5 61. Rxf7 Ra3 62. f4 Rf3 63. Nxg5 Rxf4+ 64. Kxf4 hxg5+ 65. Kf5 Kh6 66. Ra7 a4 67. Ra8 Kh7 68. Rxa4 g4 69. Kg5 g3 70. Ra7+ Kg8 71. Kg6 Kf8 72. Ra8# 1-0


[Site "https://www.chess.com"]

[Event "Titled Tuesday Blitz August 02 Early 2022"]
[White "Kamsky, Gata"]
[Black "Pranav Anand"]
[WhiteFideId "2000024"]
[BlackFideId "46626786"]
[WhiteElo "2645"]
[BlackElo "2259"]
[Result "1-0"]
[Round "09"]
[TimeControl "180+1"]
[Date "2022.08.02"]
[WhiteClock "0:00:29"]
[BlackClock "0:00:23"]

1. f4 Nf6 2. Nf3 g6 3. g3 Bg7 4. Bg2 O-O 5. O-O d5 6. d3 c5 7. c3 Nc6 8. Na3 d4 9. e4 e5 10. cxd4 cxd4 11. Nc4 Bg4 12. a4 Nd7 13. h3 Bxf3 14. Bxf3 Nc5 15. f5 Nb4 16. Be2 Rc8 17. b3 Nxe4 18. dxe4 d3 19. Be3 dxe2 20. Qxe2 Qe7 21. g4 Bf6 22. Kg2 Rfd8 23. Rad1 Nc6 24. Rd5 Bg5 25. Bc5 Qc7 26. Bd6 Qd7 27. Bxe5 Qe8 28. Rxd8 Rxd8 29. Bb2 Nd4 30. Bxd4 Rxd4 31. e5 Qc6+ 32. Qf3 Re4 33. Rf2 gxf5 34. gxf5 Bh4 35. Rd2 Kg7 36. f6+ Kh6 37. Kh2 Bg5 38. Rd6 Rf4 39. Qxc6 bxc6 40. Rxc6 Bh4 41. Rc7 Rf2+ 42. Kg1 Kg6 43. Rxa7 Rf3 44. Rb7 Rxh3 45. a5 Rf3 46. a6 Bf2+ 47. Kg2 Rf5 48. a7 Bxa7 49. Rxa7 h5 50. Ra8 h4 51. Rg8+ Kh5 52. Rg7 Rf4 53. Rxf7 Rg4+ 54. Kh2 Rd4 55. Rg7 1-0


[Site "https://www.chess.com"]

[Event "Titled Tuesday Blitz August 02 Early 2022"]
[White "Khripachenko, Alexander"]
[Black "Harsh Suresh"]
[WhiteFideId "54184975"]
[BlackFideId "45018464"]
[WhiteElo "2147"]
[BlackElo "2059"]
[Result "1-0"]
[Round "09"]
[TimeControl "180+1"]
[Date "2022.08.02"]
[WhiteClock "0:00:29"]
[BlackClock "0:00:09"]

1. e4 g6 2. d4 Nf6 3. e5 Nh5 4. Nf3 d6 5. Bc4 Nc6 6. Qe2 dxe5 7. Nxe5 Nxe5 8. dxe5 Qd4 9. c3 Qh4 10. Nd2 Nf4 11. Qf3 Qg5 12. O-O Qxe5 13. Bxf7+ Kxf7 14. Nc4 Qf5 15. g4 Qxg4+ 16. Qxg4 Bxg4 17. Bxf4 Bg7 18. Rfe1 Rhd8 19. Bxc7 Rd7 20. Be5 Rc8 21. Bxg7 Rxc4 22. Bd4 b6 23. a4 h5 24. a5 b5 25. a6 b4 26. Ra5 bxc3 27. bxc3 e6 28. Rb1 Bf3 29. h4 Be4 30. Rb8 Bd5 31. Rab5 e5 32. R8b7 Ke6 33. Rxd7 Kxd7 34. Rxd5+ Kc6 35. Rxe5 Ra4 36. Rg5 Ra1+ 37. Kg2 Kd7 38. Rxg6 Ke7 39. Bxa7 Kf7 40. Rb6 Ra2 41. Bb8 Ke7 42. a7 Kd7 43. Rh6 Kc8 44. Rxh5 Kb7 45. Rg5 Ka8 46. h5 Rb2 47. h6 Rb7 48. Rh5 Rf7 49. Bg3 Rh7 50. f4 Kxa7 51. Kf3 Kb7 52. Kg4 Kc7 53. Kg5 Kd7 54. Kg6 Rh8 55. h7 Ke6 56. f5+ Ke7 57. Be5 Re8 58. h8=Q Rxh8 59. Rxh8 Kd7 60. f6 Kc6 61. f7 Kd5 62. f8=Q Kxe5 63. Qf5+ Kd6 64. Rd8+ Ke7 65. Qf6# 1-0


[Site "https://www.chess.com"]

[Event "Titled Tuesday Blitz August 02 Early 2022"]
[White "Korchmar, Vasiliy"]
[Black "Shipov, Sergei"]
[WhiteFideId "24131750"]
[BlackFideId "4113624"]
[WhiteElo "2370"]
[BlackElo "2766"]
[Result "0-1"]
[Round "09"]
[TimeControl "180+1"]
[Date "2022.08.02"]
[WhiteClock "0:00:02"]
[BlackClock "0:01:33"]

1. e4 e6 2. d4 d5 3. e5 Bd7 4. Nf3 a6 5. c3 Bb5 6. Bd3 c5 7. O-O Nc6 8. a3 Bxd3 9. Qxd3 c4 10. Qc2 b5 11. Ng5 h6 12. Nh3 a5 13. f4 g6 14. Be3 Nge7 15. Bf2 h5 16. Bh4 Qb6 17. Bf6 Rg8 18. Nd2 Nf5 19. Rfe1 Ncxd4 20. cxd4 Nxd4 21. Qd1 Nb3+ 22. Kh1 Nxa1 23. Qxa1 Bc5 24. Ng5 Rf8 25. Qd1 Kd7 26. Nde4 Bd4 27. Nd6 Bxb2 28. Ngxf7 Bxa3 29. f5 gxf5 30. Qxh5 Kc6 31. Ng5 Qf2 32. Rd1 Bxd6 33. exd6 Rxf6 34. Qh7 Kxd6 35. Qb7 Rff8 36. Nf7+ Rxf7 37. Qxf7 Qe2 38. Rg1 c3 39. Qb7 Rd8 40. Qb6+ Ke7 41. Qc7+ Rd7 42. Qxc3 d4 43. Qc5+ Kf7 44. Qc6 Rd5 45. Qc8 d3 46. Qh8 d2 47. Qh7+ Kf6 48. Qh8+ Ke7 49. Qg7+ Kd6 50. Qf8+ Kc7 51. Qe7+ Rd7 52. Qc5+ Kb7 0-1


[Site "https://www.chess.com"]

[Event "Titled Tuesday Blitz August 02 Early 2022"]
[White "Livaic, Leon"]
[Black "Chen, Justin"]
[WhiteFideId "14531534"]
[BlackFideId "2098199"]
[WhiteElo "2540"]
[BlackElo "2289"]
[Result "1-0"]
[Round "09"]
[TimeControl "180+1"]
[Date "2022.08.02"]
[WhiteClock "0:01:53"]
[BlackClock "0:00:59"]

1. d4 d5 2. c4 e6 3. Nf3 Nf6 4. Nc3 Be7 5. g3 O-O 6. Bg2 b6 7. cxd5 Nxd5 8. Nxd5 exd5 9. O-O Bb7 10. b3 Nd7 11. Bb2 c5 12. Rc1 Rc8 13. e3 Re8 14. Re1 Nf8 15. dxc5 bxc5 16. Qd3 Ne6 17. Red1 Qa5 18. Bc3 Qb6 19. Ne5 Red8 20. Bh3 Bf6 21. Bg2 Qb5 22. Qxb5 1-0


[Site "https://www.chess.com"]

[Event "Titled Tuesday Blitz August 02 Early 2022"]
[White "Lobanov, Sergei"]
[Black "Sarana, Alexey"]
[WhiteFideId "24183750"]
[BlackFideId "24133795"]
[WhiteElo "2524"]
[BlackElo "2666"]
[Result "0-1"]
[Round "09"]
[TimeControl "180+1"]
[Date "2022.08.02"]
[WhiteClock "0:00:05"]
[BlackClock "0:00:40"]

1. Nf3 d5 2. g3 g6 3. Bg2 Bg7 4. d4 c6 5. O-O Nf6 6. c4 dxc4 7. Na3 b5 8. Ne5 Nd5 9. b3 c3 10. Nc2 O-O 11. a4 Bb7 12. Qd3 a6 13. e4 Nc7 14. Qxc3 c5 15. dxc5 Nd7 16. f4 Nxe5 17. fxe5 Ne6 18. axb5 Qc7 19. c6 axb5 20. Rxa8 Bxa8 21. Nb4 Bxe5 22. Qc2 Nd4 23. Qf2 Nxc6 24. Nxc6 Qxc6 25. Bh6 Qd6 26. Kh1 Bd4 27. Qf3 Bg7 28. Bxg7 Kxg7 29. Qc3+ f6 30. Re1 Rd8 31. e5 Bxg2+ 32. Kxg2 Qd2+ 33. Qxd2 Rxd2+ 34. Kg1 f5 35. Re3 Kf7 36. Rc3 Rd5 0-1


[Site "https://www.chess.com"]

[Event "Titled Tuesday Blitz August 02 Early 2022"]
[White "Madaminov, Mukhiddin"]
[Black "Leenhouts, Koen"]
[WhiteFideId "14210703"]
[BlackFideId "1008439"]
[WhiteElo "2011"]
[BlackElo "2409"]
[Result "1-0"]
[Round "09"]
[TimeControl "180+1"]
[Date "2022.08.02"]
[WhiteClock "0:00:16"]
[BlackClock "0:00:04"]

1. d4 Nf6 2. Nc3 d5 3. Bf4 a6 4. e3 Bf5 5. f3 e6 6. g4 Bg6 7. h4 h5 8. g5 Nfd7 9. Bd3 Bxd3 10. Qxd3 g6 11. e4 c6 12. Nge2 Bg7 13. O-O-O O-O 14. Kb1 b5 15. Ng3 Nb6 16. Be5 b4 17. Nce2 N8d7 18. Bd6 Re8 19. Bxb4 Nc4 20. Bc3 Rb8 21. b3 a5 22. Ka1 Na3 23. Bb2 Nb5 24. c4 dxc4 25. bxc4 Nd6 26. Bc3 a4 27. e5 Nf5 28. Nxf5 exf5 29. f4 Qe7 30. Rb1 Qa3 31. Qc2 Nb6 32. Qd3 Red8 33. Rhd1 Nd7 34. Bb4 Qxd3 35. Rxd3 c5 36. Ba5 Rxb1+ 37. Kxb1 Rb8+ 38. Kc2 cxd4 39. Rxd4 Rb7 40. Rd5 Bf8 41. Nd4 Nc5 42. Nb5 Ne6 43. Bd2 Kg7 44. Be3 Rb8 45. Nc3 a3 46. Nb5 Rc8 47. Kb3 Rb8 48. Kc3 Rc8 49. Nd6 Rb8 50. Rb5 Ra8 51. c5 Ra4 52. Rb4 Ra5 53. Kc4 Be7 54. Rb7 Kf8 55. Rb8+ Kg7 56. Kb4 Ra6 57. Kb5 Ra7 58. c6 Nc7+ 59. Kb6 Bxd6 60. exd6 Nd5+ 61. Kxa7 1-0


[Site "https://www.chess.com"]

[Event "Titled Tuesday Blitz August 02 Early 2022"]
[White "Manukyan, Sargis A."]
[Black "Agasarov, Benik"]
[WhiteFideId "13303970"]
[BlackFideId "13314823"]
[WhiteElo "2187"]
[BlackElo "2729"]
[Result "0-1"]
[Round "09"]
[TimeControl "180+1"]
[Date "2022.08.02"]
[WhiteClock "0:00:10"]
[BlackClock "0:00:52"]

1. Nf3 c5 2. c4 Nc6 3. g3 g6 4. Bg2 Bg7 5. O-O d6 6. Nc3 Bf5 7. a3 Qd7 8. Re1 Bh3 9. Bh1 h5 10. Ng5 h4 11. Nxh3 hxg3 12. hxg3 Qxh3 13. Bg2 Qh2+ 14. Kf1 Nf6 15. e3 Ne5 16. d4 Neg4 17. Qf3 Rb8 18. Ke2 Qh5 19. Rh1 Qf5 20. Rxh8+ Bxh8 21. Qxf5 gxf5 22. f3 Nh6 23. dxc5 dxc5 24. e4 Nhg8 25. Bf4 Rd8 26. exf5 Nh5 27. Nd5 Ngf6 28. Nc7+ Kf8 29. Bh6+ Kg8 30. g4 Ng3+ 31. Kf2 Nge4+ 32. fxe4 Nxg4+ 33. Ke2 Nxh6 34. Rb1 Be5 35. Nd5 e6 36. fxe6 fxe6 37. Ne3 Bf4 38. b4 Bxe3 39. Kxe3 Ng4+ 40. Kf4 Nf2 41. bxc5 Nd3+ 42. Kg5 Nxc5 43. e5 b6 44. Bh3 Rd3 45. Kf6 Rxh3 46. Rh1 Rxh1 0-1


[Site "https://www.chess.com"]

[Event "Titled Tuesday Blitz August 02 Early 2022"]
[White "Mathieu, Phileas"]
[Black "Boros, Denes"]
[WhiteFideId "36048410"]
[BlackFideId "722340"]
[WhiteElo "2138"]
[BlackElo "2464"]
[Result "0-1"]
[Round "09"]
[TimeControl "180+1"]
[Date "2022.08.02"]
[WhiteClock "0:00:02"]
[BlackClock "0:00:06"]

1. e4 Nc6 2. Nc3 g6 3. g3 h5 4. Bg2 h4 5. gxh4 e5 6. Nf3 Bg7 7. d3 d6 8. h3 Be6 9. Nd5 Qd7 10. c4 Nd4 11. Nxd4 exd4 12. Bg5 c6 13. Nf4 f6 14. Nxe6 Qxe6 15. Bf4 f5 16. Qe2 O-O-O 17. Bg5 Bf6 18. exf5 Qxf5 19. Be4 Qa5+ 20. Qd2 Qe5 21. f4 Qe6 22. O-O-O Ne7 23. Rde1 Qf7 24. Qe2 Kb8 25. Qg4 d5 26. cxd5 cxd5 27. Bg2 Nf5 28. Kb1 Rd6 29. Bxf6 Rxf6 30. Qg5 Rh5 31. Bxd5 Rxg5 32. Bxf7 Rg2 33. Bd5 Rd2 34. Be4 Rb6 35. b3 Ne3 36. Rhg1 Ra6 37. Rxg6 Raxa2 38. Rg8+ Kc7 39. Rc1+ Kb6 40. Rg6+ Ka5 41. Rcg1 Rdb2+ 42. Kc1 Rc2+ 43. Kb1 Rcb2+ 44. Kc1 Kb4 45. Rg7 Ka3 46. R1g2 Ra1# 0-1


[Site "https://www.chess.com"]

[Event "Titled Tuesday Blitz August 02 Early 2022"]
[White "Melikyan, Gnel"]
[Black "Wagner, Dennis"]
[WhiteFideId "54109990"]
[BlackFideId "24650684"]
[WhiteElo "1772"]
[BlackElo "2355"]
[Result "1-0"]
[Round "09"]
[TimeControl "180+1"]
[Date "2022.08.02"]
[WhiteClock "0:00:27"]
[BlackClock "0:00:24"]

1. e4 e5 2. Nf3 Nc6 3. d4 exd4 4. Nxd4 Nf6 5. Nxc6 bxc6 6. e5 Qe7 7. Qe2 Nd5 8. c4 Ba6 9. b3 g6 10. g3 Bg7 11. Bb2 O-O 12. Bg2 Rae8 13. O-O Bxe5 14. Qxe5 Qxe5 15. Bxe5 Rxe5 16. cxd5 Bxf1 17. Kxf1 cxd5 18. f4 Re3 19. Bxd5 Rd3 20. Bf3 Re8 21. Kf2 d5 22. Be2 Rde3 23. Bd1 Re1 24. Nc3 c6 25. Rb1 d4 26. Bf3 Rxb1 27. Nxb1 c5 28. Nd2 f5 29. Nc4 Kf8 30. Ne5 Ke7 31. Nc6+ Kf6 32. Nxa7 d3 33. Nc6 d2 34. Ne5 Ra8 35. a4 Rb8 36. Nd7+ Ke6 37. Nxb8 c4 38. bxc4 Kd6 39. a5 d1=Q 40. Bxd1 1-0


[Site "https://www.chess.com"]

[Event "Titled Tuesday Blitz August 02 Early 2022"]
[White "Molina, Roberto Junio Brito"]
[Black "Costachi, Mihnea"]
[WhiteFideId "2109450"]
[BlackFideId "1217518"]
[WhiteElo "2432"]
[BlackElo "2477"]
[Result "0-1"]
[Round "09"]
[TimeControl "180+1"]
[Date "2022.08.02"]
[WhiteClock "0:01:03"]
[BlackClock "0:01:13"]

1. d4 Nf6 2. Nf3 b6 3. e3 Bb7 4. Bd3 g6 5. O-O Bg7 6. Qe2 Ne4 7. Nbd2 Nxd2 8. Bxd2 d6 9. e4 O-O 10. c3 e5 11. d5 h6 12. c4 f5 13. Ne1 f4 14. f3 g5 15. Rf2 h5 16. g4 a5 17. b3 Na6 18. Rd1 Nc5 19. Bc2 Bc8 20. h3 Kf7 21. Rh2 Rh8 22. Nd3 Nxd3 23. Bxd3 Bd7 24. Rf1 Qf6 25. Rff2 Rh6 26. Rfg2 Rah8 27. Qf2 Bf8 28. Bc3 Be7 29. Bf1 Qg6 30. Qe2 Qh7 31. Qc2 Bf6 32. Be1 Qg7 33. Bd3 Qf8 34. Kf1 Be7 35. Qf2 Qb8 36. Qe2 Qb7 37. Bf2 hxg4 38. fxg4 Rxh3 39. Rxh3 Rxh3 40. Qd2 Qc8 41. Ke1 Bxg4 42. Bf1 Rh1 43. Qd3 Bh3 44. Rg1 Bxf1 45. Qxf1 Rxg1 46. Qxg1 g4 47. Qh1 Kg6 48. Kd2 Bg5 49. Kd3 g3 50. Be1 Bf6 51. a3 Qg4 52. Qg2 f3 53. Qxg3 Qxg3 54. Bxg3 Kg5 55. Bf2 Kg4 56. b4 a4 57. c5 bxc5 58. bxc5 Bh4 59. cxd6 cxd6 60. Bb6 f2 61. Ke2 Kf4 62. Bc7 Kxe4 63. Bxd6 Kxd5 64. Bb4 Kc4 0-1


[Site "https://www.chess.com"]

[Event "Titled Tuesday Blitz August 02 Early 2022"]
[White "Nakamura, Hikaru"]
[Black "Sevian, Samuel"]
[WhiteFideId "2016192"]
[BlackFideId "2040506"]
[WhiteElo "2850"]
[BlackElo "2692"]
[Result "1-0"]
[Round "09"]
[TimeControl "180+1"]
[Date "2022.08.02"]
[WhiteClock "0:00:20"]
[BlackClock "0:00:01"]

1. e4 e5 2. Nf3 Nc6 3. Bb5 a6 4. Ba4 Nf6 5. O-O Nxe4 6. d4 b5 7. Bb3 d5 8. dxe5 Be6 9. Nbd2 Be7 10. c3 O-O 11. Qe1 Nc5 12. Bc2 d4 13. Ne4 d3 14. Bb1 Qd5 15. Nxc5 Bxc5 16. b4 Bb6 17. a4 Rad8 18. axb5 axb5 19. Ba2 Qd7 20. Qe4 h6 21. Be3 Bxe3 22. Qxe3 Rfe8 23. Rfd1 Bxa2 24. Rxa2 Qd5 25. Raa1 Nxe5 26. Nd4 Nc4 27. Qf4 d2 28. Qxc7 Rd6 29. Qc5 Re5 30. Qxd5 Rdxd5 31. Kf1 g5 32. h3 h5 33. g3 g4 34. hxg4 hxg4 35. Ra2 Rd8 36. Nc6 Re1+ 37. Rxe1 d1=Q 38. Rxd1 Rxd1+ 39. Ke2 Rc1 40. Kd3 Rd1+ 41. Ke4 Kg7 42. Nd4 Nd2+ 43. Kf4 Nb1 44. Nxb5 1-0


[Site "https://www.chess.com"]

[Event "Titled Tuesday Blitz August 02 Early 2022"]
[White "Nguyen, Quoc Hy"]
[Black "Seo, Jung Min"]
[WhiteFideId "12410853"]
[BlackFideId "1734687"]
[WhiteElo "1938"]
[BlackElo "2414"]
[Result "1-0"]
[Round "09"]
[TimeControl "180+1"]
[Date "2022.08.02"]
[WhiteClock "0:01:30"]
[BlackClock "0:01:10"]

1. d4 Nf6 2. c4 e6 3. Nc3 Bb4 4. e3 O-O 5. Bd3 d5 6. Ne2 c5 7. a3 Bxc3+ 8. Nxc3 dxc4 9. Bxc4 Qc7 10. d5 exd5 11. Nxd5 Nxd5 12. Bxd5 Nd7 13. O-O Nf6 14. e4 Nxd5 15. exd5 Rd8 16. Qf3 b5 17. d6 Qb7 18. Qg3 Bf5 19. Bg5 Rd7 20. h4 Kh8 21. h5 f6 22. Be3 Qc6 23. h6 g5 24. Bxg5 Qxd6 25. Qf3 Rg8 26. Rad1 Qe6 27. Rxd7 Rxg5 28. Rd8+ Rg8 29. Rxg8+ Kxg8 30. Qg3+ Bg6 31. Qb8+ Kf7 32. Qxa7+ 1-0


[Site "https://www.chess.com"]

[Event "Titled Tuesday Blitz August 02 Early 2022"]
[White "Odegov, Artem"]
[Black "Maksimovic, Bojan"]
[WhiteFideId "34183644"]
[BlackFideId "14408120"]
[WhiteElo "2286"]
[BlackElo "2453"]
[Result "0-1"]
[Round "09"]
[TimeControl "180+1"]
[Date "2022.08.02"]
[WhiteClock "0:00:02"]
[BlackClock "0:00:14"]

1. d4 c5 2. d5 e5 3. c4 d6 4. Nc3 Be7 5. Nf3 Bg4 6. h3 Bxf3 7. gxf3 Nf6 8. Rg1 g6 9. Bh6 Nbd7 10. Qd2 a6 11. e3 Bf8 12. Bxf8 Kxf8 13. Be2 Rb8 14. O-O-O Qa5 15. a4 Qd8 16. b3 Ne8 17. Qb2 Ng7 18. Ne4 Qe7 19. Rg3 Nf5 20. Rg4 Rg8 21. Rdg1 Re8 22. Qd2 Nf6 23. Rg5 h6 24. R5g2 Nh4 25. Rg3 Rd8 26. Kb2 Nh5 27. Nc3 Nxg3 28. fxg3 Nf5 29. e4 Nd4 30. Qxh6+ Ke8 31. Bd1 Kd7 32. h4 Kc7 33. Qd2 f5 34. Re1 Rdf8 35. Bc2 f4 36. g4 Qxh4 37. Rf1 Qh3 38. Rf2 Rh8 39. Na2 Qg3 40. Qa5+ Kb8 41. Rd2 Qe1 42. Nc3 Qxd2 43. b4 Qxc2+ 44. Ka3 Qb3# 0-1


[Site "https://www.chess.com"]